 Dungeon Crawl Stone Soup version 0.21-a0-221-gfe971b9 (webtiles) character file.

31 tidbits the Insei (level 2, 0/23 HPs)
             Began as a Demigod Transmuter on Aug 27, 2017.
             Slain by an adder (2 damage)
             ... on level 2 of the Dungeon.
             The game lasted 00:05:47 (563 turns).

tidbits the Insei (Demigod Transmuter)               Turns: 563, Time: 00:05:48

Health: 0/23       AC:  3    Str: 13    XL:     2   Next: 90%
Magic:  4/7        EV: 12    Int: 22    God:
Gold:   84         SH:  0    Dex: 16    Spells: 2/5 levels left

rFire    . . .     SeeInvis .   a - +1 dagger (elec)
rCold    + + .     Gourm    .   (no shield)
rNeg     . . .     Faith    .   B - +0 robe
rPois    .         Spirit   .   E - +0 helmet
rElec    .         Reflect  .   (no cloak)
rCorr    .         Harm     .   (no gloves)
MR       .....                  (no boots)
Stlth    +.........             (no amulet)
HPRegen  0.07/turn              f - ring of protection from cold
MPRegen  0.10/turn              b - ring of protection from cold

@: brilliant
A: high mp 1
a: no special abilities


You were on level 2 of the Dungeon.
You were not hungry.

You visited 1 branch of the dungeon, and saw 2 of its levels.

You collected 84 gold pieces.

Inventory:

Hand Weapons
 a - a +1 dagger of electrocution (weapon)
   (You found it on level 1 of the Dungeon)
 g - a +0 dagger of speed
   (You took it off a kobold on level 1 of the Dungeon)
Missiles
 l - 22 bolts
 n - 9 arrows
Armour
 B - a +0 robe (worn)
 E - a +0 helmet (worn)
Jewellery
 b - a ring of protection from cold (right hand)
   (You found it on level 2 of the Dungeon)
 f - a ring of protection from cold (left hand)
   (You found it on level 1 of the Dungeon)
Scrolls
 h - a scroll of blinking {unknown}
 i - a scroll of teleportation {unknown}
 m - a scroll of immolation {unknown}
Potions
 e - a potion of heal wounds {unknown}
 j - a potion of mutation {unknown}
 k - a potion of brilliance
 o - a potion of magic {unknown}
Books
 c - a book of Changes

   Spells                             Type                      Level
   a - Beastly Appendage              Transmutation                1
   b - Sticks to Snakes               Transmutation                2
   c - Spider Form                    Transmutation/Poison         3
   d - Ice Form                       Ice/Transmutation            4
   e - Blade Hands                    Transmutation                5
Comestibles
 d - 2 bread rations


   Skills:
 + Level 1.0 Fighting
 - Level 1.7 Dodging
 - Level 2.7 Unarmed Combat
 - Level 2.2 Spellcasting
 + Level 2.7 Transmutations


You had 2 spell levels left.
You knew the following spells:

 Your Spells              Type           Power        Failure   Level  Hunger
e - Beastly Appendage     Tmut           ####..       1%          1    #......
k - Sticks to Snakes      Tmut           ####....     1%          2    ##.....


Dungeon Overview and Level Annotations

Branches:
Dungeon (2/15)

Annotations:
D:2 Jessica


Innate Abilities, Weirdness & Mutations

You have an increased reservoir of magic. (+10% MP)


Message History

Adjust to which letter? (? for menu, Esc to quit)
B - a +0 robe (worn)
A dart slug comes into view.
The helpless dart slug fails to defend itself.
You hit the dart slug.
The dart slug is heavily wounded.
The dart slug bites you but does no damage.
You hit the dart slug.
The dart slug is almost dead.
The dart slug launches a dart at you. The slug dart hits you!
You hit the dart slug.
You kill the dart slug!
Found a ring of protection from cold.
Found a stone staircase leading down.
Found a fizzy orange potion.
b - a ring of protection from cold Put on which piece of jewellery? (? for menu, Esc to quit)
b - a ring of protection from cold (right hand)
A worm comes into view.
A bat comes into view.
Found 11 gold pieces.
Found an escape hatch in the ceiling.
A goblin comes into view. It is wielding a dagger.
The goblin shouts!
You hit the goblin.
You kill the goblin!
Things that are here:
a dagger; a goblin corpse
o - a fizzy orange potion
Casting: Beastly Appendage
Confirm with . or Enter, or press ? or * to list all spells.
You create a snake!
You now have 11 arrows.
You hit the worm.
The worm is lightly wounded.
You hit the worm. Lightning courses through the worm!
You kill the worm!
Your Fighting skill increases to level 1!
The bat hits you but does no damage.
Your ball python misses the bat. x2
The bat hits you.
Your ball python barely misses the bat.
Your ball python grabs the bat.
Your ball python constricts the bat.
You hit the bat.
You kill the bat!
You now have 84 gold pieces (gained 11).
Found 17 stones.
Your ball python withers and dies!
An adder comes into view.
You see here 17 stones.
Found 7 gold pieces.
Jessica the Apprentice Sorceress comes into view.
She is wielding a dagger.
Casting: Sticks to Snakes
Confirm with . or Enter, or press ? or * to list all spells.
You create a snake!
You now have 10 arrows.
Casting: Sticks to Snakes
Confirm with . or Enter, or press ? or * to list all spells.
You create a snake!
You now have 9 arrows.
You swap places.
Jessica shouts!
The adder closely misses you.
Jessica grins evilly.
Jessica casts a spell.
Jessica seems to speed up.
The adder bites you. x2
You miss the adder.
Your ball python closely misses the adder. x3
Your ball python grabs the adder.
Your ball python constricts the adder.
The adder closely misses you.
Your ball python bites the adder.
You hit the adder.
The adder is lightly wounded.
Your ball python barely misses the adder.
Your ball python constricts the adder.
The adder bites you.
Your ball python bites the adder but does no damage.
You hit the adder but do no damage.
The adder is moderately wounded.
The adder barely misses you.
Your ball python bites the adder but does no damage.
Your ball python constricts the adder.
Your ball python closely misses the adder.
The adder bites you.
You barely miss the adder.
The adder is moderately wounded.
Your ball python bites the adder.
Your ball python constricts the adder.
Jessica points at you and mumbles some strange words.
Your ball python writhes in agony!
Your ball python dies!
The adder closely misses you.
Your ball python bites the adder.
Your ball python constricts the adder.
You hit the adder but do no damage.
The adder is severely wounded.
Jessica gestures at you while chanting. Pain shoots through your body!
* * * LOW HITPOINT WARNING * * *
The adder bites you.
* * * LOW HITPOINT WARNING * * *
Your ball python barely misses the adder.
Your ball python constricts the adder.
It was a potion of brilliance.
You feel clever all of a sudden. The adder bites you.
You die...

...)....#.###.........#
.................##.###
.......<..##(..#.#
...#.##..###...#.#
.................##.##
...#..#...............
...#..#..###...#.#####
......#..###...#.####
.... .........@@...#
........#S##.#
....$...S...
..###.#.#..... ..
#.#.#..#..# ......#
#.#.#..#..# #..##.#
#.#.#..# .# #......
...... # #..##.#


You could see an adder, Jessica and a friendly ball python.

Vanquished Creatures
  A worm (D:2)
  2 dart slugs
  A leopard gecko (D:1)
  4 bats
  2 giant cockroaches (D:1)
  3 goblins
  2 jackals (D:1)
  5 frilled lizards (D:1)
  A kobold (D:1)
  4 rats (D:1)
25 creatures vanquished.

Notes
Turn   | Place    | Note
-------+----------+-------------------------------------------
     0 | D:1      | tidbits the Demigod Transmuter began the quest for the Orb.
     0 | D:1      | Reached XP level 1. HP: 15/15 MP: 5/5
    74 | D:1      | Reached skill level 2 in Spellcasting
   171 | D:1      | Reached skill level 2 in Transmutations
   177 | D:1      | Reached XP level 2. HP: 15/22 MP: 5/7
   181 | D:1      | Learned a level 2 spell: Sticks to Snakes
   512 | D:2      | Reached skill level 1 in Fighting
   548 | D:2      | Noticed Jessica
   562 | D:2      | HP: 2/23 [Jessica/nerve-wracking pain (11)]
   563 | D:2      | Slain by an adder

Vault maps used:
D:1:      minmay_arrival_five_plusses
D:2:      old_standard_altar, uniq_jessica

Skill      XL: |  1  2 |
---------------+-------+-----
Spellcasting   | 2 |  2.2
Transmutations | 2 |  2.7
Fighting       | 1 |  1.0
Dodging        | |  1.7
Unarmed Combat | |  2.7

Action                   || total
-------------------------++-------
Melee: Unarmed           ||    27
       Dagger            ||    56
       Headbutt          ||     4
       Kick              ||     4
 Cast: Beastly Appendage ||    17
       Sticks to Snakes  ||     3
  Use: Potion            ||     1
 Stab: Sleeping          ||     1
Armor: Robe              ||    15
Dodge: Dodged            ||    45

Table legend:
 A = Spawn XP
 B = Non-spawn XP
 C = Spawn XP percentage of total XP
 D = Spawn monster count
 E = Non-spawn monster count
 F = Spawn count percentage of total count
 G = Total turns spent on level
                    A         B        C        D         E        F      G
               +---------+---------+-------+---------+---------+-------+---------
         Total |       1 |      44 |   2.2 |       1 |      24 |   4.0 |   563
               +---------+---------+-------+---------+---------+-------+---------
           D:1 |       1 |      31 |   3.1 |       1 |      19 |   5.0 |   436
           D:2 |       0 |      13 |   0.0 |       0 |       5 |   0.0 |   127
               +---------+---------+-------+---------+---------+-------+---------

Table legend:
 A = Turns spent in this place as a percentage of turns spent in the entire game.
 B = Non-inter-level travel turns spent in this place as a percentage of non-inter-level travel turns spent in the entire game.
 C = Inter-level travel turns spent in this place as a percentage of turns spent in this place.
 D = Turns resting spent in this place as a percentage of non-inter-level travel turns spent in this place.
 E = Turns spent auto-exploring this place as a percentage of non-inter-level travel turns spent in this place.
 F = Non-inter-level travel turns spent in this place divided by the number of levels of this place that you've seen.
                   A       B       C       D       E      F
               +-------+-------+-------+-------+-------+----------------------
         Total | 100.0 | 100.0 |   0.0 |   0.0 |   0.0 | 281.5
       Dungeon | 100.0 | 100.0 |   0.0 |   0.0 |   0.0 | 281.5
               +-------+-------+-------+-------+-------+----------------------

Table legend:
 A = Kills in this place as a percentage of kills in entire the game.
 B = Kills by you in this place as a percentage of kills by you in the entire game.
 C = Kills by friends in this place as a percentage of kills by friends in the entire game.
 D = Other kills in this place as a percentage of other kills in the entire game.
 E = Experience gained in this place as a percentage of experience gained in the entire game.
 F = Experience gained in this place divided by the number of levels of this place that you have seen.
                   A       B       C       D       E      F
               +-------+-------+-------+-------+-------+----------------------
         Total | 100.0 | 100.0 |   N/A |   N/A | 100.0 |  22.5
       Dungeon | 100.0 | 100.0 |   N/A |   N/A | 100.0 |  22.5
               +-------+-------+-------+-------+-------+----------------------

Vault maps used:
D:1:      minmay_arrival_five_plusses
D:2:      old_standard_altar, uniq_jessica
